 Dungeon Crawl Stone Soup version 0.27.0-1-g7a089689b8 (webtiles) character file.

Game seed: 17853520138497912896

102 trckry the Cudgeller (level 4, -1/44 HPs)
             Began as an Ogre Warper on Aug 14, 2021.
             Killed from afar by an orc wizard (6 damage)
             ... with a puff of flame
             ... on level 3 of the Dungeon.
             The game lasted 00:05:16 (3303 turns).

trckry the Cudgeller (Ogre Warper)                  Turns: 3303, Time: 00:05:17

Health: -1/44      AC:  3    Str: 12 (15) XL:     4   Next: 77%
Magic:  7/7        EV:  9    Int: 20 (21) God:
Gold:   37         SH:  0    Dex:  7 (8)  Spells: 7/7 levels left

rFire    . . .     SeeInvis .   a - +0 flail
rCold    . . .     Faith    .   (no shield)
rNeg     . . .     Spirit   .   b - +0 robe
rPois    .         Reflect  .   (helmet restricted)
rElec    .         Harm     .   (no cloak)
rCorr    .         Rampage  .   (gloves unavailable)
Will     .....                  (boots unavailable)
Stlth    +.........             (no amulet)
HPRegen  0.14/turn              n - +6 ring of intelligence
MPRegen  0.10/turn              (no ring)

@: no status effects
A: large, unfitting armour, tough skin 1
a: no special abilities


You were on level 3 of the Dungeon.
You visited 1 branch of the dungeon, and saw 3 of its levels.

You collected 37 gold pieces.

Inventory:

Hand Weapons
 a - a +0 flail (weapon)
Missiles
 d - 5 boomerangs of dispersal
 f - 5 poisoned darts (quivered)
Armour
 b - a +0 robe (worn)
Jewellery
 e - a ring of fire
 n - a +6 ring of intelligence (left hand)
Scrolls
 c - 2 scrolls of blinking
 g - 2 scrolls of identify {unknown}
 h - 2 scrolls of magic mapping {unknown}
 i - a scroll of acquirement {unknown}
 k - a scroll of brand weapon {unknown}
 l - a scroll of noise {unknown}


   Skills:
 - Level 2.6 Fighting
 * Level 3.7 Maces & Flails
 - Level 1.0 Throwing
 - Level 2.1 Dodging
 - Level 2.4 Spellcasting
 + Level 3.5 Translocations


You had 7 spell levels left.
You didn't know any spells.
Your spell library contained the following spells:

 Spells                   Type           Power      Damage    Failure   Level
 Blink                    Tloc           N/A        N/A       5%          2
 Gell's Gravitas          Tloc           8%         N/A       11%         3
 Lesser Beckoning         Tloc           8%         N/A       11%         3
 Teleport Other           Tloc           16%        N/A       11%         3
 Manifold Assault         Tloc           16%        N/A       69%         5


Dungeon Overview and Level Annotations

Branches:
Dungeon (3/15)

Altars:

Annotations:
D:2 Sigmund


Innate Abilities, Weirdness & Mutations

You are too large for most types of armour.
You have tough skin. (AC +1)


Message History

You take 1 damage, and have 14/44 hp.
You miss something. Something completely misses you.
You closely miss something. Something hits you.
* * * LOW HITPOINT WARNING * * *
You take 1 damage, and have 13/44 hp.
You closely miss something.
You hear some strange, mumbled words.
Something tries to affect you, but you resist.
Something hits you.
* * * LOW HITPOINT WARNING * * *
You take 4 damage, and have 9/44 hp.
You closely miss something. Something hits you but does no damage.
You miss something. Something hits you.
* * * LOW HITPOINT WARNING * * *
You take 1 damage, and have 8/44 hp.
You miss something. Something hits you.
* * * LOW HITPOINT WARNING * * *
You take 3 damage, and have 5/44 hp.
You miss something. Something hits you but does no damage.
Things that are here:
a +0 dagger; a +0 robe You aren't carrying any potions.
Throw: 7 darts (poison)
Press: ? - help, Q - select action, (/) - cycle Shift-Dir - straight line, f - orc
Aim: an orc, wielding a +0 short sword and wearing a +0 ring mail (56% to hit)
You throw a poisoned dart. The poisoned dart hits the orc.
The orc is poisoned.
Something hits you but does no damage. Something hits you.
* * * LOW HITPOINT WARNING * * *
You take 1 damage, and have 4/44 hp.
Throw: 6 darts (poison)
Press: ? - help, Q - select action, (/) - cycle Shift-Dir - straight line, f/p - orc
Aim: an orc, wielding a +0 short sword and wearing a +0 ring mail (moderately wounded, poisoned, 56% to hit)
You throw a poisoned dart. The poisoned dart hits the orc.
The orc looks even sicker.
The orc is moderately wounded.
You hear some strange, mumbled words.
A puff of flame appears from out of thin air!
The puff of flame hits you.
You die...

######.......########
#......o#####
#.......o...#
#.......###(#
#.......# #(#
#.......# #o#
####'#### #o# ....
#{# .... #@# .... #.#
..S ..'.....#
..#######


You could see 2 orcs.

Vanquished Creatures
  Robin (D:3)
  2 adders (D:2)
  A dart slug (D:1)
  3 orcs (D:3)
  4 ball pythons
  7 endoplasms
  A giant cockroach (D:1)
  7 goblins
  7 hobgoblins
  13 jackals
  A quokka (D:1)
  3 bats
  5 kobolds
  5 rats
60 creatures vanquished.

Notes
Turn   | Place    | Note
-------+----------+-------------------------------------------
     0 | D:1      | trckry the Ogre Warper began the quest for the Orb.
     0 | D:1      | Reached XP level 1. HP: 22/22 MP: 3/3
   164 | D:1      | Reached XP level 2. HP: 29/29 MP: 5/5
   541 | D:1      | Reached XP level 3. HP: 15/36 MP: 6/6
  1981 | D:2      | Found a faded altar of an unknown god.
  1981 | D:2      | Noticed Sigmund
  2173 | D:3      | Reached XP level 4. HP: 44/44 MP: 7/7
  2176 | D:3      | Noticed Robin
  2388 | D:2      | HP: 5/44 [adder (2)]
  2681 | D:3      | Killed Robin
  2701 | D:2      | HP: 5/44 [poisoned by a kobold]
  3296 | D:3      | HP: 5/44 [something (4)]
  3303 | D:3      | Killed from afar by an orc wizard

Illustrated notes

Levels and vault maps discovered:
D:1:      saegor_arrival_simple_e, layout_basic, minmay_cut_off
D:2:      layout_basic, shapermc_ecumenical_altar_mp_highgroup, uniq_sigmund
D:3:      layout_basic, uniq_robin

Skill      XL: |  1  2  3 |
---------------+----------+-----
Maces & Flails | 2 3 |  3.7
Translocations | 3 |  3.5
Fighting       | |  2.6
Throwing       | |  1.0
Dodging        | |  2.1
Spellcasting   | |  2.4

Action                   |  1- 3 |  4- 6 || total
-------------------------+-------+-------++-------
Melee: Mace              |   150 |    74 ||   224
       Flail             |       |    16 ||    16
Throw: Dart              |       |     6 ||     6
  Use: Potion            |       |     3 ||     3
 Stab: Sleeping          |     1 |       ||     1
Armor: Robe              |    54 |    25 ||    79
Dodge: Dodged            |    76 |    38 ||   114
